 Dungeon Crawl Stone Soup version 0.27-a0-475-g4587593e40 (webtiles) character file.

Game seed: 16950990152472789877

146 Chiseanne the Covered (level 5, 0/32 (40) HPs)
             Began as a Demonspawn Wanderer on Mar 1, 2021.
             Slain by Duvessa
             ... wielding a +3 short sword of draining
              (6 damage)
             ... on level 4 of the Dungeon.
             The game lasted 00:03:38 (2168 turns).

Chiseanne the Covered (Demonspawn Wanderer)         Turns: 2168, Time: 00:03:38

HP:   0/32 (40)     AC:  9    Str: 16    XL:     5   Next: 7%
MP:   0/8           EV: 11    Int: 13    God:
Gold: 101           SH:  0    Dex: 12    Spells: 7/8 levels left

rFire    . . .     SeeInvis .   a - +2 shortbow
rCold    . . .     Faith    .   (shield currently unavailable)
rNeg     . . .     Spirit   +   g - +0 ring mail
rPois    .         Reflect  .   m - +2 helmet
rElec    .         Harm     .   (no cloak)
rCorr    .         Rampage  .   (no gloves)
Will     .....                  r - +0 pair of boots
Stlth    ++........             i - amulet of guardian spirit
HPRegen  0.10/turn              (no ring)
MPRegen  0.11/turn              (no ring)

@: heavily drained
A: thin skeletal structure 1
a: no special abilities


You were on level 4 of the Dungeon.
You visited 1 branch of the dungeon, and saw 4 of its levels.

You collected 101 gold pieces.

Inventory:

Hand Weapons
 a - a +2 shortbow (weapon)
 f - a +4 spear
 p - a +0 vampiric trident
Missiles
 b - 30 arrows (quivered ammo)
 d - 11 bolts
 e - 52 stones
 k - 15 sling bullets
Armour
 g - a +0 ring mail (worn)
 m - a +2 helmet (worn)
 r - a +0 pair of boots (worn)
Jewellery
 i - an amulet of guardian spirit (around neck)
 l - an amulet of faith
Scrolls
 j - 2 scrolls of blinking {unknown}
 o - a scroll of teleportation {unknown}
 q - a scroll of magic mapping {unknown}
Potions
 c - 3 potions of curing
 h - 2 potions of might
 n - 3 potions of haste
 s - a potion of cancellation {unknown}


   Skills:
 * Level 2.9 Fighting
 - Level 1.7 Bows
 * Level 3.1 Armour
 * Level 2.3 Dodging
 - Level 1.7 Shields
 - Level 2.0 Spellcasting
 - Level 1.0 Air Magic


You had 7 spell levels left.
You knew the following spells:

 Your Spells              Type           Power        Failure   Level
a - Shock                 Conj/Air       8%           36%         1

Your spell library contained the following spells:

 Spells                   Type           Power        Failure   Level
 Static Discharge         Conj/Air       2%           75%         3


Dungeon Overview and Level Annotations

Branches:
Dungeon (4/15)
 Temple: D:4-7

Altars:
Cheibriados
Ru

Portals:
Sewer: D:4

Annotations:
D:2 Sigmund
D:4 Duvessa


Innate Abilities, Weirdness & Mutations

You have a somewhat thin skeletal structure. (Dex +2, Stealth)


Message History

Fire: 35 arrows
Press: ? - help, Q - select action, (/) - cycle Shift-Dir - straight line, f/p - Duvessa
Aim: Duvessa, wielding a +3 short sword of draining and wearing a +0 ring mail of cold resistance (moderately wounded, berserk, 68% to hit)
You shoot an arrow. The arrow hits Duvessa!
Duvessa is moderately wounded.
Duvessa hits you with a +3 short sword of draining!
You feel drained.
Fire: 34 arrows
Press: ? - help, Q - select action, (/) - cycle Shift-Dir - straight line, f/p - Duvessa
Aim: Duvessa, wielding a +3 short sword of draining and wearing a +0 ring mail of cold resistance (moderately wounded, berserk, 68% to hit)
You shoot an arrow. The arrow completely misses Duvessa.
Duvessa hits you with a +3 short sword of draining.
You feel drained.
Duvessa hits you with a +3 short sword of draining.
You feel drained.
Fire: 33 arrows
Press: ? - help, Q - select action, (/) - cycle Shift-Dir - straight line, f/p - Duvessa
Aim: Duvessa, wielding a +3 short sword of draining and wearing a +0 ring mail of cold resistance (moderately wounded, berserk, 68% to hit)
You shoot an arrow. The arrow barely misses Duvessa.
Duvessa hits you with a +3 short sword of draining.
You feel drained.
Fire: 32 arrows
Press: ? - help, Q - select action, (/) - cycle Shift-Dir - straight line, f/p - Duvessa
Aim: Duvessa, wielding a +3 short sword of draining and wearing a +0 ring mail of cold resistance (moderately wounded, berserk, 68% to hit)
You shoot an arrow. The arrow hits Duvessa.
Duvessa is heavily wounded.
Duvessa hits you with a +3 short sword of draining!
* * * LOW HITPOINT WARNING * * *
You feel drained.
* * * LOW HITPOINT WARNING * * *
Duvessa hits you but does no damage.
You feel drained.
Fire: 31 arrows
Press: ? - help, Q - select action, (/) - cycle Shift-Dir - straight line, f/p - Duvessa
Aim: Duvessa, wielding a +3 short sword of draining and wearing a +0 ring mail of cold resistance (heavily wounded, berserk, 68% to hit)
You shoot an arrow. The arrow barely misses Duvessa.
Duvessa hits you with a +3 short sword of draining.
* * * LOW HITPOINT WARNING * * *
You feel drained.
Duvessa hits you with a +3 short sword of draining!
You die...

....(≈≈≈≈≈≈..#
...≈≈(∩≈≈≈... #
#(.≈≈)≈≈≈≈≈..
#.#.#≈≈≈≈≈≈(#..
...(.≈≈≈≈≈....
#..#(..#..#
#.(.....#
#.e..######
#.#@.###....
#######.........
.......)...#....
....###.##......
.. #...# ##....
#.#.# ....
#.#... ...
#.##### ##
#.########..


You could see Duvessa (berserk).

Vanquished Creatures
  Dowan (D:4)
  Robin (D:2)
  3 adders
  2 worms (D:3)
  A dart slug (D:4)
  3 leopard geckos
  5 orcs (D:3)
  A ball python (D:4)
  5 giant cockroaches
  7 goblins
  5 hobgoblins
  5 bats
  3 frilled lizards (D:3)
  A kobold (D:1)
  7 rats
50 creatures vanquished.

Notes
Turn   | Place    | Note
-------+----------+-------------------------------------------
     0 | D:1      | Chiseanne the Demonspawn Wanderer began the quest for the
                  | Orb.
     0 | D:1      | Chiseanne set off with the following items: a +2 shortbow,
                  | 25 arrows, a potion of curing, a +0 robe; and the following
                  | spell memorised: Shock; and the following spells available
                  | to memorise: Static Discharge
     0 | D:1      | Reached XP level 1. HP: 15/15 MP: 3/3
   487 | D:1      | Reached skill level 2 in Armour
   487 | D:1      | Gained mutation: You have a somewhat thin skeletal
                  | structure. (Dex +2, Stealth) [demonic ancestry]
   487 | D:1      | Reached XP level 2. HP: 21/21 MP: 5/5
   967 | D:2      | Reached skill level 1 in Dodging
  1069 | D:2      | Noticed Robin
  1086 | D:2      | Killed Robin
  1087 | D:2      | Reached XP level 3. HP: 27/27 MP: 4/6
  1231 | D:2      | Noticed Sigmund
  1417 | D:3      | Found a sacrificial altar of Ru.
  1428 | D:3      | Reached XP level 4. HP: 34/34 MP: 7/7
  2106 | D:4      | Found a snail-covered altar of Cheibriados.
  2152 | D:4      | Found a glowing drain.
  2153 | D:4      | Noticed Dowan
  2157 | D:4      | Killed Dowan
  2158 | D:4      | Reached skill level 3 in Armour
  2158 | D:4      | Reached XP level 5. HP: 40/40 MP: 8/8
  2159 | D:4      | Noticed Duvessa
  2168 | D:4      | Slain by Duvessa

Illustrated notes

Levels and vault maps discovered:
D:1:      lemuel_arrival_funnel, layout_loops_corners
D:2:      layout_basic, minmay_overflow_temple_star_hex, uniq_robin,
          uniq_sigmund
D:3:      lemuel_upstairs_altar, layout_basic, nicolae_ru_sacrificial_ziggurat
D:4:      layout_loops_cross, overflow_temple_1_default,
          cheibrodos_sewer_entry_drain, kennysheep_slug_shrine, uniq_duvessa

Skill      XL: |  1  2  3  4 |
---------------+-------------+-----
Armour         | 2 3 |  3.1
Dodging        | 1 2 |  2.3
Fighting       | 2 |  2.9
Bows           | |  1.7
Shields        | |  1.7
Spellcasting   | |  2.0
Air Magic      | |  1.0

Action                   |  1- 3 |  4- 6 || total
-------------------------+-------+-------++-------
 Fire: Shortbow          |    77 |    54 ||   131
  Use: Scroll            |       |     3 ||     3
Armor: Ring mail         |     8 |     8 ||    16
Dodge: Dodged            |    17 |    14 ||    31

Table legend: (Time is in decaauts)
 A = Elapsed time spent in this place.
 B = Non-inter-level travel time spent in this place.
 C = Inter-level travel time spent in this place.
 D = Time resting spent in this place.
 E = Time spent auto-exploring this place.
 F = Levels seen in this place.
 G = Mean time per level.
                   A        B        C        D        E       F      G
               +--------+--------+--------+--------+--------+-----+--------+
         Total |   2199 |   2110 |     89 |     13 |   1804 |   4 |  549.8 |
       Dungeon |   2199 |   2110 |     89 |     13 |   1804 |   4 |  549.8 |
               +--------+--------+--------+--------+--------+-----+--------+

Top non-repeatable levels by time:
     D:1: 890 daAuts
     D:3: 795 daAuts
     D:2: 366 daAuts
     D:4: 147 daAuts
